 Dungeon Crawl Stone Soup version 0.28-a0-1505-g8c907de6ad (webtiles) character file.

Game seed: 4849212752839825602

1820 wakim the Twirler (level 8, -6/71 HPs)
             Began as a Palentonga Gladiator on Jan 13, 2022.
             Was an Initiate of Yredelemnul.
             Mangled by a hornet (12 damage)
             ... on level 7 of the Dungeon.
             The game lasted 00:27:02 (6773 turns).

wakim the Twirler (Palentonga Gladiator)            Turns: 6773, Time: 00:27:02

Health: -6/71      AC: 14    Str: 17    XL:     8   Next: 85%
Magic:  6/8        EV: 14    Int:  9    God:    Yredelemnul [......]
Gold:   270        SH:  0    Dex: 14    Spells: 7/7 levels left

rFire   . . .      SeeInvis +   a - +0 quarterstaff
rCold   + . .      Faith    +   (shield currently unavailable)
rNeg    . . .      Spirit   .   W - +0 steam dragon scales
rPois   .          Reflect  .   c - +0 helmet
rElec   .          Harm     .   (no cloak)
rCorr   .          Rampage  .   (no gloves)
Will    .....                   (no barding)
Stlth   +.........              s - amulet of faith
HPRegen 0.21/turn               p - ring of protection from cold
MPRegen 0.11/turn               u - +4 ring of evasion

@: curled up
A: large, rugged brown scales 3, see invisible, deformed body, roll 1, armoured
tail, reflexive curl, low mp 1
a: Rolling Charge, Renounce Religion, Recall Undead Harvest


You were on level 7 of the Dungeon.
You worshipped Yredelemnul.
Yredelemnul was noncommittal.
You visited 2 branches of the dungeon, and saw 8 of its levels.
You also visited: Sewer.

You collected 334 gold pieces.
You spent 64 gold pieces at shops.

Inventory:

Hand Weapons
 a - a +0 quarterstaff (weapon)
 b - a +0 arbalest
 S - a +1 short sword of venom
Missiles
 d - 5 throwing nets {=f!f}
 O - 4 javelins
 P - 12 poisoned darts
 U - 61 bolts
Armour
 c - a +0 helmet (worn)
 l - a +0 chain mail
 W - +0 steam dragon scales (worn)
Jewellery
 p - a ring of protection from cold (left hand)
 s - an amulet of faith (around neck)
 u - a +4 ring of evasion (right hand)
Wands
 t - a wand of digging (7)
 v - a wand of flame (16)
 x - a wand of iceblast (1)
 y - a wand of paralysis (9)
Scrolls
 V - a scroll of vulnerability {!r!r}
 X - 2 scrolls of fog
 Y - 2 scrolls of blinking {!r}
Potions
 g - a potion of haste {unknown}
 i - a potion of magic {unknown}
 o - 2 potions of brilliance {unknown}
 G - 2 potions of flight
 L - 2 potions of lignification {!q}
 M - 3 potions of mutation {!q}
 N - 2 potions of might
 Q - 2 potions of heal wounds {unknown}
 R - a potion of curing {unknown}
 Z - 2 potions of experience {unknown}


   Skills:
 + Level 7.2 Fighting
 * Level 7.7 Staves
 + Level 1.5 Crossbows
 - Level 1.3 Throwing
 + Level 3.9 Armour
 - Level 2.4 Dodging
 + Level 1.7 Invocations


You had 7 spell levels left.
You didn't know any spells.
Your spell library contained the following spells:

 Spells                   Type           Power      Damage    Failure   Level
 Slow                     Hex            0%         N/A       38%         1
 Static Discharge         Conj/Air       0%         N/A       52%         2
 Confusing Touch          Hex            0%         N/A       77%         3
 Inner Flame              Hex/Fire       0%         N/A       77%         3
 Vampiric Draining        Necr           0%         2d6       77%         3
 Cause Fear               Hex            0%         N/A       99%         4
 Dispel Undead            Necr           0%         3d6       99%         4
 Sticky Flame             Conj/Fire      0%         2d3       99%         4
 Discord                  Hex            0%         N/A       100%        8


Dungeon Overview and Level Annotations

Branches:
Dungeon (7/15)             Temple (1/1) D:6           Sewer (visited)

Altars:
Ashenzari
Kikubaaqudgha
Qazlal
Yredelemnul

Shops:
D:3 [[**:

Portals:
Abyss: D:4

Annotations:
D:4 2 transporters, GrimJard's ghost, amateur DrCj
D:7 Joseph


Innate Abilities, Weirdness & Mutations

You are completely covered in rugged brown scales. (AC +3, +7% HP)
You have supernaturally acute eyesight. (SInv)
Armour fits poorly on your strangely shaped body.
You can roll at nearby foes to attack.
You have a long armoured tail.
You curl defensively after being hit. (AC +7*)
Your magical capacity is low. (-10% MP)


Message History

Yredelemnul accepts your bounty of souls!
The manticore bites something.
The manticore claws something!
The hornet stings you but does no damage.
You can no longer trade souls for undead servants.
The hornet closely misses you.
Your orc warrior zombie barely misses the manticore.
The hornet closely misses you.
You hit the hornet but do no damage.
The hornet is lightly wounded.
The hornet stings you!
* * * LOW HITPOINT WARNING * * *
You feel yourself slow down.
Your wraith hits the hornet but does no damage.
Your orc warrior zombie hits the manticore!
The hornet stings your wraith but does no damage.
You feel yourself speed up.
Your wraith closely misses the hornet.
The hornet stings you!
* * * LOW HITPOINT WARNING * * *
You feel yourself slow down.
Your wraith hits the hornet!
Your wraith drains the hornet's vigour!
The hornet seems to slow down.
The hornet stings you but does no damage.
Your wraith barely misses the hornet.
It was a potion of mutation.
You feel extremely strange.
You feel less energetic.
M - 3 potions of mutation;
i - a dark potion You feel yourself speed up.
The hornet closely misses you.
Your wraith hits the hornet! The hornet closely misses you.
The manticore barely misses your wraith.
The manticore closely misses your wraith.
The manticore claws your wraith.
Something hits the manticore.
Okay, then.
You miss the hornet.
The hornet is severely wounded.
Your wraith hits the manticore!
The manticore barely misses your wraith. x3
The hornet stings you!
You die...
Your body rises from the dead as a mindless zombie.

....##........#
#.#.#.##..##.
..............# +...#Z#
...#. #...###.......#
#.#...##.##.. ....#
#.......# #.#.#)#..#.#
#####
#.......#######.#.#.....#
#................#.#...##
#.......#.#.####..#.#..#
######..##.#.#)#..Z#.#.#
#....@yW.#####Z#Z###
#..####H..# #.#.#.##
#..Z##.####..##)##..#.
#.ZZ.Z.....# #.#......
#..###'###.#)#.#.#####
##.# ... #..#..ZZ#P...
#Z#.###.#....##.#.###
#.#.#$#.#.#####.'Z#?+
#.#.#+#.#.. #.#Z#Z###


You could see a manticore (ally target), a hornet (slow) and a friendly wraith
(summoned).

Vanquished Creatures
  Grinder (D:4)
  A steam dragon (D:6)
  Duvessa (D:5)
  An orc warrior (D:7)
  Pargi (Sewer)
  2 necrophages
  An ogre (D:5)
  A scorpion (D:7)
  Dowan (D:5)
  A water moccasin skeleton (D:6)
  A howler monkey (D:6)
  A centaur zombie (D:7)
  A bullfrog skeleton (D:6)
  3 hounds
  2 jellies
  3 orc priests
  An iguana (D:6)
  3 orc wizards
  A hound skeleton (D:3)
  A howler monkey zombie (D:5)
  4 gnolls
  6 adders
  A river rat (D:5)
  A shadow imp (D:6)
  A white imp (D:7)
  7 worms
  2 dart slugs (D:4)
  13 orcs
  9 ball pythons
  3 endoplasms
  2 giant cockroaches
  4 goblins
  4 hobgoblins
  11 kobolds
  3 quokkas
  12 bats
  3 frilled lizards
  10 rats
124 creatures vanquished.

Vanquished Creatures (collateral kills)
  A steam dragon (D:7)
  A bullfrog zombie (D:7)
2 creatures vanquished.

Vanquished Creatures (others)
  A scorpion zombie (D:7)
  2 orc zombies (D:7)
  A plant (D:7)
4 creatures vanquished.

Grand Total: 130 creatures vanquished

Notes
Turn   | Place    | Note
-------+----------+-------------------------------------------
     0 | D:1      | wakim the Palentonga Gladiator began the quest for the Orb.
     0 | D:1      | Reached XP level 1. HP: 17/17 MP: 1/1
     5 | D:1      | You fall into a shaft and drop 1 floor!
    36 | D:2      | Identified the +1 long sword "Xogenkeh" {vamp, rF- Str+4
                  | Int-4 Dex+4}
    71 | D:1      | Found a faded altar of an unknown god.
    82 | D:1      | Reached XP level 2. HP: 15/23 MP: 2/2
   253 | D:1      | !bestwep
  1195 | D:1      | !bestwep
  1392 | D:2      | Reached XP level 3. HP: 29/29 MP: 3/3
  1623 | D:2      | Reached skill level 1 in Armour
  1782 | D:3      | Found Mounk's Antique Armour Boutique.
  1863 | D:3      | Found Pantabbu's Antique Armour Shop.
  1874 | D:3      | Reached XP level 4. HP: 34/37 MP: 4/4
  1970 | D:3      | Found Renwaelij's General Store.
  2000 | D:3      | Bought a scroll of identify for 26 gold pieces
  2562 | D:3      | Found Joinu's Book Shoppe.
  2808 | D:3      | Found Qieq's Assorted Antiques.
  2818 | D:3      | Bought a scroll labelled PIGUATR MUSACK for 19 gold pieces
  2818 | D:3      | Bought a scroll labelled QAARUO NORR for 19 gold pieces
  2889 | D:4      | Noticed Grinder
  2937 | D:4      | Reached XP level 5. HP: 40/43 MP: 5/5
  3348 | D:4      | Killed Grinder
  3349 | D:4      | Reached skill level 5 in Staves
  3349 | D:4      | Reached XP level 6. HP: 33/52 MP: 6/6
  3499 | D:4      | Found a transporter.
  3519 | D:4      | Found a one-way gate to the infinite horrors of the Abyss.
  3519 | D:4      | Noticed GrimJard's ghost (amateur DrCj)
  3564 | D:4      | Reached skill level 5 in Fighting
  3643 | D:4      | Found a transporter.
  3978 | D:4      | Found a stormy altar of Qazlal.
  3998 | D:5      | Entered Level 5 of the Dungeon
  4011 | D:4      | Gained mutation: You curl defensively after being hit. (AC
                  | +7*) [Palentonga growth]
  4011 | D:4      | Reached XP level 7. HP: 24/59 MP: 7/7
  4207 | D:5      | !bestwep
  4309 | D:5      | !bestwep
  4337 | D:5      | !bestwep
  4369 | D:5      | Found a glowing drain.
  4378 | Sewer    | Entered a sewer
  4459 | Sewer    | Noticed Pargi
  4485 | Sewer    | Killed Pargi
  5151 | D:5      | !bestwep
  5152 | D:5      | Noticed Duvessa
  5152 | D:5      | Noticed Dowan
  5168 | D:5      | Killed Duvessa
  5169 | D:5      | Reached XP level 8. HP: 56/68 MP: 8/8
  5181 | D:5      | Killed Dowan
  5638 | D:5      | Found an ancient bone altar of Kikubaaqudgha.
  6054 | D:6      | Found a staircase to the Ecumenical Temple.
  6060 | Temple   | Entered the Ecumenical Temple
  6074 | Temple   | Became a worshipper of Yredelemnul the Dark
  6274 | D:7      | Noticed a seven-headed hydra
  6316 | D:7      | Noticed Joseph
  6646 | D:7      | Reached skill level 1 in Crossbows
  6662 | D:7      | Reached skill level 1 in Invocations
  6665 | D:7      | Reached * piety under Yredelemnul
  6673 | D:7      | !bestwep
  6710 | D:7      | Reached ** piety under Yredelemnul
  6758 | D:7      | Noticed a troll
  6758 | D:7      | Noticed a manticore
  6758 | D:7      | Noticed a hornet
  6759 | D:7      | Paralysed by a hornet for 3 turns
  6772 | D:7      | Gained mutation: Your magical capacity is low. (-10% MP)
                  | [potion of mutation]
  6773 | D:7      | Mangled by a hornet

Illustrated notes ..........# ..#####.#.# #####.#.## +.....#..# . .########.# ............# ..........#.# ## ......###.### ...## ..... #@# .....##+# ......###.# ......#.# ......g†..# ......'.+ .......##.# #.# ..###.. ..# ##'## #.. ..# ##...## #..##.# #.....# ... ..# #..<..# #### ... ##...## Turn 253 on D:1: !bestwep

.#..#.................##........#
###.##...............###.........
....###.............## #.........
..#.# ####.......##### ###...###.
#.### ...####.####...### #######.
#)# .....##'##.......# #.......
#.# ......#.#^........ #......#
..# ......'.'......... #......#
#.# ......#.#.@....... #......#
..# .....##'##.......###......#
..# ...###...###...###.+.......
#.# #####.....# ######.#......#
..#### #.##..<..# #......#.....#.
.....###.###...## #.#..........#.
.....+...#.##### #.#.####.##....
.....###.#.########.#.#..........
#+#### #.#..........#.#..........


Turn 1195 on D:1: !bestwep ############ ...$.#.....## ............##
....^........# .............#####. ..$....<.†.@....... .............$.....
.............###### ................ .....#.......### ############.# .# .. Turn
4207 on D:5: !bestwep # .... #####...# ......#..# .......... #######... ......
#### ### ..# # #.# ## #@### .# #.## #...#### .####### #....###....# .......#
#....###....$ .......# ####..####### .......###########...[...#
....................[..... .......##################. .......# Turn 4309 on D:5:
!bestwep . .. . #. ##. .. ##.... S.. ###...# .... ....#..##### .....
...........#######...... #####...........@oS..... ....######.#########.... #
#.....# # #####.# #)### #.## #...#### ###### #....###....# .....# #....###....$
.....# ####..####### Turn 4337 on D:5: !bestwep ... ####### .O #(≈≈≈≈# ..
#≈≈≈≈≈# .# #≈≈≈≈.## .# #≈≈....# ##.# #......# #..# ###..##..# #@#
##.......#######.# ..............##.### ...........##......#####
...........#####.#.....# ...........# #.#####.# ..........## #.# #.# ##.......##
#.# #.# ######..## ##.#####.# Turn 5151 on D:5: !bestwep #...#.........#.......#
.......<.####..######.# ...............[.. # ######.....#..#### #.#.#).###
#.#.#Z## +..Z#.# #.#..Z# #.#.#@# # #.#.....# .#.#...## #..# #..# #!. #.# ## ##
Turn 6673 on D:7: !bestwep

Levels and vault maps discovered:
D:1:      dpeg_arrival_three_bigger_balls, layout_basic,
          ebering_ecumenical_altar_ruins
D:2:      layout_rooms
D:3:      layout_rooms, serial_shops, nicolae_shop_waterfront,
          nicolae_shop_advertising_works [nicolae_subvault_shop_adworks],
          nicolae_lakefront_shop, nicolae_shop_window_shopping, shop,
          grunt_ministairs_10
D:4:      layout_cave_pools, kennysheep_mini_moat,
          gammafunk_ghost_abyssal_escape, uniq_grinder
D:5:      layout_rooms, mainiacjoe_overflow_24_doors, portal_sewer_entry_b,
          uniq_duvessa
D:6:      layout_rooms, minmay_temple_entry_hall
D:7:      layout_rooms, enter_bailey_4, minmay_shattered_shrine, uniq_joseph
Temple:   mainiacjoe_temple_bowtie_tessellation

Skill      XL: |  1  2  3  4  5  6  7  8 |
---------------+-------------------------+-----
Fighting       | 3 4 5 6 7 |  7.2
Armour         | 1 2 3 |  3.9
Staves         | 4 5 6 7 |  7.7
Crossbows      | 1 |  1.5
Invocations    | 1 |  1.7
Throwing       | |  1.3
Dodging        | |  2.4

Action                   |  1- 3 |  4- 6 |  7- 9 || total
-------------------------+-------+-------+-------++-------
Melee: Quarterstaff      |    94 |   118 |   177 ||   389
       Tailslap          |     9 |    11 |    33 ||    53
 Fire: Arbalest          |       |       |     3 ||     3
Invok: Dark Bargain      |       |       |     1 ||     1
 Abil: Rolling Charge    |    32 |    23 |    21 ||    76
Evoke: Wand              |       |       |     3 ||     3
  Use: Scroll            |       |     2 |     7 ||     9
       Potion            |       |       |     2 ||     2
 Stab: Distracted        |       |       |     1 ||     1
Armor: Ring mail         |     8 |       |       ||     8
       Chain mail        |     6 |       |       ||     6
       Scale mail        |     9 |    38 |    55 ||   102
       Steam dragon scal |       |       |    16 ||    16
Dodge: Dodged            |    31 |    69 |   120 ||   220

Table legend: (Time is in decaauts)
 A = Elapsed time spent in this place.
 B = Non-inter-level travel time spent in this place.
 C = Inter-level travel time spent in this place.
 D = Time resting spent in this place.
 E = Time spent auto-exploring this place.
 F = Levels seen in this place.
 G = Mean time per level.
                   A        B        C        D        E       F      G
               +--------+--------+--------+--------+--------+-----+--------+
         Total |   6819 |   6024 |    795 |   1252 |   3037 |   9 |  757.7 |
       Dungeon |   6536 |   5749 |    787 |   1252 |   2856 |   7 |  933.7 |
        Temple |     23 |     15 |      8 |      0 |      5 |   1 |   23.0 |
         Sewer |    259 |    259 |      0 |      0 |    176 |   1 |  259.0 |
               +--------+--------+--------+--------+--------+-----+--------+

Top non-repeatable levels by time:
     D:1: 1326 daAuts
     D:3: 1248 daAuts
     D:4: 1067 daAuts
     D:5: 1005 daAuts
     D:6: 886 daAuts
     D:2: 859 daAuts
   Sewer: 259 daAuts
     D:7: 143 daAuts
  Temple: 23 daAuts
